 Dungeon Crawl Stone Soup version 0.26-a0-971-g1d9d62bb61 (webtiles) character file.

Game seed: 2141556352813433396

2223 streetpizza the Ruffian (level 9, 0/85 HPs)
             Began as a Troll Hunter on Dec 4, 2020.
             Was an Elder of Makhleb.
             Slain by an orc warrior
             ... wielding a +0 halberd
              (9 damage)
             ... on level 7 of the Dungeon.
             The game lasted 00:26:48 (5950 turns).

streetpizza the Ruffian (Troll Hunter)              Turns: 5950, Time: 00:26:48

Health: 0/85       AC:  7    Str: 22    XL:     9   Next: 13%
Magic:  11/12      EV: 13    Int:  7    God:    Makhleb [****..]
Gold:   412        SH:  0    Dex: 19    Spells: 8/8 levels left

rFire    . . .     SeeInvis .     - Unarmed
rCold    . . .     Faith    .   (no shield)
rNeg     . . .     Spirit   .   b - +0 robe
rPois    .         Reflect  .   (helmet restricted)
rElec    .         Harm     .   r - +0 cloak
rCorr    .         Rampage  .   (gloves unavailable)
MR       .....                  (boots unavailable)
Stlth    ++........             a - amulet of regeneration
HPRegen  1.04/turn              w - +6 ring of dexterity
MPRegen  0.13/turn              (no ring)

@: no status effects
A: large, unfitting armour, claws 3, regeneration 1, shaggy fur 1, tough skin 3
a: Minor Destruction, Lesser Servant of Makhleb, Major Destruction, Renounce
Religion


You were on level 7 of the Dungeon.
You worshipped Makhleb.
Makhleb was greatly pleased with you.
You visited 2 branches of the dungeon, and saw 8 of its levels.
You also visited: Sewer and Bailey.

You collected 412 gold pieces.

Inventory:

Hand Weapons
 q - a +3 quarterstaff of chaos
Missiles
 c - 5 large rocks (quivered)
 d - 2 throwing nets
 p - 44 poisoned darts
 F - 6 silver boomerangs
Armour
 b - a +0 robe (worn)
 r - a +0 cloak (worn)
Jewellery
 a - an amulet of regeneration (around neck)
 n - an uncursed ring of magical power
 w - a +6 ring of dexterity (left claw)
 A - an uncursed amulet of faith {unknown}
Wands
 x - a wand of acid (24)
 y - a wand of paralysis (8)
 B - a wand of iceblast (5)
 G - a wand of flame (20)
Scrolls
 e - 7 scrolls of identify
 f - 2 scrolls of remove curse
 h - 2 scrolls of enchant armour {unknown}
 i - 2 scrolls of fog
 j - a scroll of fear {unknown}
 k - a scroll of immolation {unknown}
 m - 7 scrolls of teleportation
 s - 4 scrolls of blinking {unknown}
 u - a scroll of magic mapping {unknown}
 v - a scroll of amnesia {unknown}
 z - a scroll of enchant weapon {unknown}
 H - a scroll of brand weapon {unknown}
Potions
 g - a potion of brilliance
 l - 13 potions of heal wounds
 o - a potion of ambrosia
 t - 3 potions of curing
 C - 2 potions of magic
 D - 3 potions of mutation {unknown}
 E - a potion of experience {unknown}


   Skills:
 + Level 4.5 Fighting
 - Level 3.6 Throwing
 + Level 4.5 Dodging
 - Level 0.3 Stealth
 * Level 7.4 Unarmed Combat
 * Level 5.3 Invocations


You had 8 spell levels left.
You didn't know any spells.
Your spell library was empty.

Dungeon Overview and Level Annotations

Branches:
Dungeon (7/15)             Temple (1/1) D:7           Sewer (visited)
 Bailey (visited)

Altars:
Ashenzari
Dithmenos
Fedhas
Gozag
Hepliaklqana
Kikubaaqudgha
Makhleb
Nemelex Xobeh
Okawaru
Qazlal
Sif Muna
Trog
Vehumet
Wu Jian
Xom
Yredelemnul
Zin
The Shining One


Innate Abilities, Weirdness & Mutations

You are too large for most types of armour.
You have claws for hands.
Your natural rate of healing is unusually fast.
You are covered in fur. (AC +1)
You have extremely tough skin. (AC +3)


Message History

The orc warrior is moderately wounded.
The orc warrior hits you with a +0 halberd.
You closely miss the orc warrior.
The orc warrior is moderately wounded.
The orc barely misses you.
The sky beast hits you but does no damage.
You closely miss the sky beast.
The orc warrior hits you with a +0 halberd!!
The orc barely misses you.
The sky beast hits you but does no damage.
You closely miss the sky beast.
The orc warrior hits you with a +0 halberd!
* * * LOW HITPOINT WARNING * * *
The orc hits you but does no damage. The sky beast hits you.
* * * LOW HITPOINT WARNING * * *
The sky beast shocks you.
* * * LOW HITPOINT WARNING * * *
A demon appears!
The sky beast barely misses you. The orc closely misses you.
The orc warrior hits you with a +0 halberd!
You die...

#..###...### #.. #.....<## ..#
#.# ....#.#.##### ...####.#
##....#.....# #...
..#####....#####..
#.......##............
.##...#..........##.##..
....#.#oo.######.##..#..
......Y@3##........#.#..
........###........#...#
.<......###........#...#
.........##........#...#
....).....#............#
............#####..#.#...
##....#.............#.#...
#####..##.#.#.......#.....#...
#.........................#..#


You could see an orc warrior, a sky beast, an orc and a friendly ynoxinul
(summoned).

Vanquished Creatures
  The ghost of Tarl the Twirler, an amateur DsGl (D:5)
  An ice beast (D:3)
  A phantom (D:3)
  Purgy (Sewer)
  A sky beast (D:5)
  2 orc warriors
  A necrophage (D:3)
  An ogre (D:3)
  A centaur (D:6)
  A bullfrog (D:7)
  A scorpion (D:5)
  Crazy Yiuf (D:3)
  A centaur skeleton (D:4)
  2 hounds (D:7)
  6 orc wizards
  2 bullfrog skeletons
  A jelly (D:5)
  An iguana (D:5)
  Natasha (thrice) (D:3)
  5 worker ants
  A hound zombie (D:5)
  2 hound skeletons
  A worker ant zombie (D:6)
  17 gnolls
  17 adders
  An ufetubus (D:7)
  An ooze (D:4)
  A worm (D:4)
  4 dart slugs
  3 leopard geckos
  22 orcs
  5 bats
  7 giant cockroaches
  19 goblins
  17 hobgoblins
  11 jackals
  18 kobolds
  5 quokkas
  7 ball pythons
  10 frilled lizards
  3 giant cockroach zombies
  A jackal skeleton (D:6)
  A quokka zombie (D:6)
  8 rats
216 creatures vanquished.

Vanquished Creatures (others)
  An orc wizard (D:4)
1 creature vanquished.

Grand Total: 217 creatures vanquished

Notes
Turn   | Place    | Note
-------+----------+-------------------------------------------
     0 | D:1      | streetpizza the Troll Hunter began the quest for the Orb.
     0 | D:1      | Reached XP level 1. HP: 19/19 MP: 0/0
   100 | D:1      | Reached skill level 1 in Unarmed Combat
   102 | D:1      | Reached XP level 2. HP: 28/28 MP: 1/1
   397 | D:1      | Reached XP level 3. HP: 35/35 MP: 2/2
   640 | D:2      | Reached skill level 2 in Unarmed Combat
   842 | D:2      | Reached XP level 4. HP: 37/42 MP: 3/3
   929 | D:2      | Found a burning altar of Makhleb.
   936 | D:2      | Became a worshipper of Makhleb the Destroyer
  1755 | D:3      | Reached skill level 3 in Unarmed Combat
  1766 | D:3      | Noticed Natasha
  1769 | D:3      | Killed Natasha
  1770 | D:3      | Reached XP level 5. HP: 50/50 MP: 4/4
  1839 | D:3      | Reached skill level 1 in Invocations
  1840 | D:3      | Reached * piety under Makhleb
  1921 | D:3      | Noticed Natasha
  1935 | D:3      | Killed Natasha
  1991 | D:3      | Noticed a necrophage
  2000 | D:3      | Killed a necrophage
  2001 | D:3      | Reached XP level 6. HP: 57/58 MP: 4/6
  2101 | D:3      | Found a shimmering altar of Xom.
  2103 | D:3      | Noticed an ice beast
  2105 | D:3      | Noticed Natasha
  2113 | D:3      | Killed Natasha
  2114 | D:3      | Reached skill level 4 in Unarmed Combat
  2120 | D:3      | Found a transporter.
  2133 | D:3      | Found a transporter.
  2365 | D:3      | Found a runed translucent door.
  2366 | D:3      | Noticed Crazy Yiuf
  2371 | D:3      | Killed Crazy Yiuf
  2489 | D:3      | Killed an ice beast
  2490 | D:3      | Reached XP level 7. HP: 66/66 MP: 7/7
  2503 | D:3      | Reached skill level 5 in Unarmed Combat
  2600 | D:4      | Found an ornate altar of the Wu Jian Council.
  2709 | D:4      | Reached ** piety under Makhleb
  2778 | D:4      | Found a blossoming altar of Fedhas.
  2946 | D:4      | Found a basalt altar of Yredelemnul.
  3147 | D:4      | Found a glowing golden altar of the Shining One.
  3147 | D:4      | Found a sparkling altar of Nemelex Xobeh.
  3147 | D:4      | Found a shadowy altar of Dithmenos.
  3435 | D:5      | Entered Level 5 of the Dungeon
  3599 | D:5      | Reached XP level 8. HP: 41/77 MP: 9/9
  3765 | D:5      | Found a glowing drain.
  3779 | Sewer    | Entered a sewer
  3806 | Sewer    | Noticed Purgy
  3815 | Sewer    | Killed Purgy
  3816 | Sewer    | Reached skill level 6 in Unarmed Combat
  4038 | D:5      | Found a transporter.
  4040 | D:5      | Noticed Tarl's ghost (amateur DsGl)
  4230 | D:5      | Found a transporter.
  4280 | D:5      | Killed Tarl's ghost
  4504 | D:6      | Reached *** piety under Makhleb
  4608 | D:6      | Found an opulent altar of Gozag.
  5156 | D:7      | Found a flagged portal.
  5172 | Bailey   | Entered a bailey
  5210 | Bailey   | Reached skill level 7 in Unarmed Combat
  5322 | Bailey   | Reached skill level 5 in Invocations
  5409 | Bailey   | Reached **** piety under Makhleb
  5420 | Bailey   | Reached XP level 9. HP: 35/85 MP: 11/11
  5703 | D:7      | Found a staircase to the Ecumenical Temple.
  5729 | Temple   | Entered the Ecumenical Temple
  5950 | D:7      | Slain by an orc warrior

Illustrated notes

Levels and vault maps discovered:
D:1:      tarquinn_simple_flora_water_b, layout_basic
D:2:      layout_loops_ring, lightli_temple_of_fire, serial_bayou_pond_a
D:3:      layout_loops_corners, gammafunk_temple_overflow_arena,
          uniq_crazy_yiuf_cottage, uniq_natasha
D:4:      layout_cave_pods, kennysheep_mini_moat, lemuel_round_altar,
          fedhas_altar_4, gammafunk_temple_overflow_claw, minmay_surrounded
D:5:      layout_basic, gammafunk_ghost_mausoleum, gup_sewer_entry_bubbles
D:6:      layout_basic, kennysheep_little_box
D:7:      layout_rooms, minmay_temple_entry_mist, lightli_bailey_entry_fortress
Temple:   nicolae_temple_figure_zero

Skill      XL: |  1  2  3  4  5  6  7  8 |
---------------+-------------------------+-----
Unarmed Combat | 1 2 3 4 5 7 |  7.4
Dodging        | 2 3 4 |  4.5
Fighting       | 2 3 4 |  4.5
Invocations    | 1 2 3 5 |  5.3
Throwing       | |  3.6
Stealth        | |  0.3

Action                   |  1- 3 |  4- 6 |  7- 9 || total
-------------------------+-------+-------+-------++-------
Melee: Unarmed           |   107 |   130 |   458 ||   695
       Punch             |     1 |       |    12 ||    13
Invok: Minor Destruction |       |       |     3 ||     3
       Lesser Servant of |       |       |     1 ||     1
  Use: Potion            |       |       |     9 ||     9
       Scroll            |       |       |     4 ||     4
 Stab: Sleeping          |       |     2 |     5 ||     7
Armor: Robe              |    39 |    34 |   116 ||   189
Dodge: Dodged            |    53 |    82 |   255 ||   390

Table legend: (Time is in decaauts)
 A = Elapsed time spent in this place.
 B = Non-inter-level travel time spent in this place.
 C = Inter-level travel time spent in this place.
 D = Time resting spent in this place.
 E = Time spent auto-exploring this place.
 F = Levels seen in this place.
 G = Mean time per level.
                   A        B        C        D        E       F      G
               +--------+--------+--------+--------+--------+-----+--------+
         Total |   5971 |   5630 |    341 |      6 |   3791 |  10 |  597.1 |
       Dungeon |   5220 |   4888 |    332 |      0 |   3324 |   7 |  745.7 |
        Temple |    117 |    108 |      9 |      0 |    107 |   1 |  117.0 |
         Sewer |    237 |    237 |      0 |      0 |    140 |   1 |  237.0 |
        Bailey |    395 |    395 |      0 |      6 |    220 |   1 |  395.0 |
               +--------+--------+--------+--------+--------+-----+--------+

Top non-repeatable levels by time:
     D:3: 1140 daAuts
     D:4: 860 daAuts
     D:2: 833 daAuts
     D:5: 778 daAuts
     D:6: 701 daAuts
     D:1: 577 daAuts
  Bailey: 395 daAuts
     D:7: 328 daAuts
   Sewer: 237 daAuts
  Temple: 117 daAuts
